 Dungeon Crawl Stone Soup version 0.27-a0-1500-g450c7e4133 (webtiles) character file.

Game seed: 10783555587399818739

33 dolemite99 the Chopper (level 3, 29/31 HPs)
             Began as a Minotaur Fighter on July 8, 2021.
             Was a Follower of Kikubaaqudgha.
             Quit the game on level 2 of the Dungeon.
             The game lasted 00:01:04 (1527 turns).

dolemite99 the Chopper (Minotaur Fighter)           Turns: 1527, Time: 00:01:05

Health: 29/31      AC:  6    Str: 21    XL:     3   Next: 12%
Magic:  2/2        EV:  9    Int:  5    God:    Kikubaaqudgha [*.....]
Gold:   22         SH:  0    Dex:  9    Spells: 2/2 levels left

rFire    . . .     SeeInvis .   b - +2 dagger (venom)
rCold    . . .     Faith    .   (no shield)
rNeg     . . .     Spirit   .   i - +0 scale mail
rPois    .         Reflect  .   (helmet restricted)
rElec    .         Harm     .   (no cloak)
rCorr    .         Rampage  .   (no gloves)
Will     .....                  (no boots)
Stlth    ..........             (no amulet)
HPRegen  0.10/turn              (no ring)
MPRegen  0.08/turn              (no ring)

@: no status effects
A: horns 2, retaliatory headbutt
a: Renounce Religion, Receive Corpses


You were on level 2 of the Dungeon.
You worshipped Kikubaaqudgha.
Kikubaaqudgha was aware of your devotion.
You visited 1 branch of the dungeon, and saw 2 of its levels.

You collected 22 gold pieces.

Inventory:

Hand Weapons
 a - a +0 war axe
 b - a +2 dagger of venom (weapon)
Missiles
 e - 15 stones (quivered)
 g - 15 arrows
Armour
 c - a +0 kite shield
 i - a +0 scale mail (worn)
Scrolls
 f - a scroll of silence {unknown}
 h - a scroll of amnesia {unknown}
Potions
 d - 2 potions of might


   Skills:
 - Level 3.6 Fighting
 + Level 0.1 Short Blades
 - Level 4.4 Axes
 - Level 3.6 Armour
 - Level 3.6 Shields


You had 2 spell levels left.
You didn't know any spells.
Your spell library contained the following spells:

 Spells                   Type           Power      Damage    Failure   Level
 Animate Skeleton         Necr           0%         N/A       82%         1
 Pain                     Necr           0%         1d4       82%         1
 Sublimation of Blood     Necr           0%         N/A       91%         2
 Vampiric Draining        Necr           0%         2d6       99%         3


Dungeon Overview and Level Annotations

Branches:
Dungeon (2/15)

Altars:
Kikubaaqudgha


Innate Abilities, Weirdness & Mutations

You have a pair of horns on your head.
You reflexively headbutt those who attack you in melee.


Message History

No target in view!
No target in view!
Key pressed, stopping explore.
No target in view!
You see here a +0 club.
You see here a +0 dagger.
Partly explored, can't reach some places.
Partly explored, can't reach some places.
Partly explored, can't reach some places.
There is a faded altar of an unknown god here.
You cannot tell which god this altar belongs to.
Convert to them anyway?
Kikubaaqudgha accepts your prayer! Kikubaaqudgha welcomes you!
You can now receive cadavers from Kikubaaqudgha.
Kikubaaqudgha grants you a gift!
You add the spells Pain, Sublimation of Blood, Animate Skeleton and Vampiric Draining to your library.
There is a dry fountain here.
Partly explored, can't reach some places.
(D) Dungeon
Where to? (Enter - D:1 @ (x,y), ? - help)
What level of the Dungeon? (default 1, ? - help)
You see here a +0 club.
You see here a +0 dagger.
There is a stone staircase leading down here.
You climb downwards.
Found 10 bolts.
There is a stone staircase leading up here.
A rat comes into view.
You closely miss the rat. Your headbutt misses the rat. The rat bites you.
You barely miss the rat. The rat bites you but does no damage.
You hit the rat.
You kill the rat!
Kikubaaqudgha accepts your kill.
No target in view!
You see here a rat corpse.
No target in view!
You see here 10 bolts.
No target in view!
No target in view!
Are you sure you want to abandon this character and quit the game? (Confirm with "yes".)

## ###8###
#......
#.... ..####
#...
.....###.#
..###....@##
.........†(#
#######<##.#
#..##..#
#....#.#
#..#. .#
........
.....###..
#.... #.


There were no monsters in sight!

Vanquished Creatures
  A dart slug (D:1)
  An endoplasm (D:1)
  2 giant cockroaches (D:1)
  2 hobgoblins (D:1)
  7 jackals (D:1)
  A ball python (D:1)
  4 bats (D:1)
  A frilled lizard (D:1)
  5 kobolds (D:1)
  2 quokka zombies (D:1)
  4 rats
30 creatures vanquished.

Notes
Turn   | Place    | Note
-------+----------+-------------------------------------------
     0 | D:1      | dolemite99 the Minotaur Fighter began the quest for the
                  | Orb.
     0 | D:1      | Reached XP level 1. HP: 19/19 MP: 0/0
   245 | D:1      | Reached skill level 3 in Axes
   265 | D:1      | Reached XP level 2. HP: 26/26 MP: 1/1
   324 | D:1      | Reached skill level 4 in Axes
   517 | D:1      | Reached XP level 3. HP: 31/31 MP: 2/2
   705 | D:1      | Found a faded altar of an unknown god.
  1461 | D:1      | Became a worshipper of Kikubaaqudgha
  1461 | D:1      | Reached * piety under Kikubaaqudgha
  1461 | D:1      | Received a gift from Kikubaaqudgha
  1527 | D:2      | Quit the game

Illustrated notes

Levels and vault maps discovered:
D:1:      saegor_arrival_fortress, layout_loops_ring,
          hellmonk_ecumenical_altar_crossroads
D:2:      layout_rooms, serial_corexii_hall, chequers_hall_statues_wall_a,
          corexii_hall_statues_l, corexii_hall_statues_x, serial_shops,
          nicolae_shop_stone

Skill      XL: |  1  2 |
---------------+-------+-----
Axes           | 3 4 |  4.4
Fighting       | |  3.6
Short Blades   | |  0.1
Armour         | |  3.6
Shields        | |  3.6

Action                   || total
-------------------------++-------
Melee: War axe           ||    56
       Headbutt          ||     3
       Dagger            ||     4
Throw: Stone             ||    21
Armor: Scale mail        ||    35
Dodge: Dodged            ||    22
Block: Kite shield       ||    36

Table legend: (Time is in decaauts)
 A = Elapsed time spent in this place.
 B = Non-inter-level travel time spent in this place.
 C = Inter-level travel time spent in this place.
 D = Time resting spent in this place.
 E = Time spent auto-exploring this place.
 F = Levels seen in this place.
 G = Mean time per level.
                   A        B        C        D        E       F      G
               +--------+--------+--------+--------+--------+-----+--------+
         Total |   1564 |   1458 |    106 |    372 |    864 |   2 |  782.0 |
       Dungeon |   1564 |   1458 |    106 |    372 |    864 |   2 |  782.0 |
               +--------+--------+--------+--------+--------+-----+--------+

Top non-repeatable levels by time:
     D:1: 1555 daAuts
     D:2: 8 daAuts
